Workbook

Sheet Financial
A1: https://oui.doleta.gov/unemploy/hb394.asp
B2: Order by: | C2: State
B3: Category | C3: Taxable Financial Measures
B4: State
B5: Year Range | C5: 1975 to 2017
A7: YEAR | B7: Financial data (in thousands)
B8: Contributions collected | C8: Interest credited to trust fund | D8: Benefits paid | E8: Reserves as of Dec 31 | F8: Year End federal loans to state reserve funds balance | G8: Year End net reserve balance | H8: Year End taxable wage base
A9: -1 | B9: -8 | C9: -9 | D9: -10 | E9: -11 | F9: -12 | G9: -13 | H9: -14
A10: 1975 | B10: 802308 | C10: 43835 | D10: 1310136 | E10: 545694 | F10: 0 | G10: 545694 | H10: 4200
A11: 1976 | B11: 1328424 | C11: 30982 | D11: 1123454 | E11: 641259 | F11: 0 | G11: 641259 | H11: 7000
A12: 1977 | B12: 1532871 | C12: 49698 | D12: 1017609 | E12: 1087930 | F12: 0 | G12: 1087930 | H12: 7000
A13: 1978 | B13: 1581169 | C13: 85442 | D13: 962998 | E13: 1755812 | F13: 0 | G13: 1755812 | H13: 6000
A14: 1979 | B14: 1688344 | C14: 157505 | D14: 862318 | E14: 2737865 | F14: 0 | G14: 2737865 | H14: 6000
A15: 1980 | B15: 1452187 | C15: 262870 | D15: 1357892 | E15: 3087861 | F15: 0 | G15: 3087861 | H15: 6000
A16: 1981 | B16: 1349506 | C16: 326455 | D16: 1401410 | E16: 3352970 | F16: 0 | G16: 3352970 | H16: 6000
A17: 1982 | B17: 1438991 | C17: 312332 | D17: 2233015 | E17: 2707650 | F17: 0 | G17: 2707650 | H17: 6000
A18: 1983 | B18: 1564313 | C18: 237327 | D18: 2155947 | E18: 2169348 | F18: 0 | G18: 2169348 | H18: 7000
A19: 1984 | B19: 2040757 | C19: 257770 | D19: 1614327 | E19: 2810732 | F19: 0 | G19: 2810732 | H19: 7000
A20: 1985 | B20: 2239837 | C20: 330154 | D20: 1888219 | E20: 3504521 | F20: 0 | G20: 3504521 | H20: 7000
... A52: 2017 | B52: 5679898 | C52: 27 | D52: 5100863 | E52: 11715 | F52: 1163485 | G52: -1151770 | H52: 7000

Sheet Wages
A1: https://oui.doleta.gov/unemploy/hb394.asp
B2: Order by: | C2: State
B3: Category | C3: Taxable Employment and Wages Data
B4: State
B5: Year Range | C5: 1975 to 2017
A7: YEAR | B7: Employment and Wage Data
B8: Average monthly covered employment | C8: Wages paid in covered employment during year (thousands) | E8: Ratio of taxable to total wages | F8: Average weekly wage in covered employment
C9: Total | D9: Taxable | F9: Total | G9: Taxable
A10: -1 | B10: -2 | C10: -3 | D10: -4 | E10: -5 | F10: -6 | G10: -7
A11: 1975 | B11: 6006486 | C11: 63888847 | D11: 26274061 | E11: 0.411 | F11: 204.55 | G11: 84.12
A12: 1976 | B12: 6522618 | C12: 72724152 | D12: 40713843 | E12: 0.56 | F12: 214.41 | G12: 120.04
A13: 1977 | B13: 6801197 | C13: 80461446 | D13: 44373389 | E13: 0.551 | F13: 227.51 | G13: 125.47
A14: 1978 | B14: 7425920 | C14: 93891538 | D14: 45264604 | E14: 0.482 | F14: 243.15 | G14: 117.22
A15: 1979 | B15: 7923533 | C15: 109186096 | D15: 49539733 | E15: 0.454 | F15: 265 | G15: 120.24
A16: 1980 | B16: 8082840 | C16: 122745669 | D16: 51569306 | E16: 0.42 | F16: 292.04 | G16: 122.69
A17: 1981 | B17: 8243759 | C17: 136807563 | D17: 53691597 | E17: 0.392 | F17: 319.14 | G17: 125.25
A18: 1982 | B18: 8069594 | C18: 144034611 | D18: 52285601 | E18: 0.363 | F18: 343.25 | G18: 124.6
A19: 1983 | B19: 8209157 | C19: 155097942 | D19: 60271672 | E19: 0.389 | F19: 363.33 | G19: 141.19
A20: 1984 | B20: 8817777 | C20: 173699231 | D20: 65608576 | E20: 0.378 | F20: 378.82 | G20: 143.09
A21: 1985 | B21: 9152233 | C21: 189504460 | D21: 68875396 | E21: 0.363 | F21: 398.19 | G21: 144.72
... A53: 2017 | B53: 13799480 | C53: 900477902 | D53: 127066451 | E53: 0.141 | F53: 1254.89 | G53: 177.08

Sheet St Exercise
E1: =Wages!C8 -> Wages paid in covered employment during year (thousands)
A2: Year | B2: =Financial!B8 -> Contributions collected | C2: =Financial!D8 -> Benefits paid | D2: =Financial!G8 -> Year End net reserve balance | E2: =Wages!C9 -> Total | F2: Balance / Total Wages | G2: Benefit / Total Wages | H2: Contribution / Total Wages
A3: =Financial!A9 -> -1 | B3: =Financial!B9 -> -8 | C3: =Financial!D9 -> -10 | D3: =Financial!G9 -> -13 | E3: =Wages!C10 -> -3 | F3: Reserve Ratio | G3: Benefit Ratio | H3: Tax Ratio
A4: =Financial!A10 -> 1975 | B4: =Financial!B10 -> 802308 | C4: =Financial!D10 -> 1310136 | D4: =Financial!G10 -> 545694 | E4: =Wages!C11 -> 63888847
A5: =Financial!A11 -> 1976 | B5: =Financial!B11 -> 1328424 | C5: =Financial!D11 -> 1123454 | D5: =Financial!G11 -> 641259 | E5: =Wages!C12 -> 72724152
A6: =Financial!A12 -> 1977 | B6: =Financial!B12 -> 1532871 | C6: =Financial!D12 -> 1017609 | D6: =Financial!G12 -> 1087930 | E6: =Wages!C13 -> 80461446
A7: =Financial!A13 -> 1978 | B7: =Financial!B13 -> 1581169 | C7: =Financial!D13 -> 962998 | D7: =Financial!G13 -> 1755812 | E7: =Wages!C14 -> 93891538
A8: =Financial!A14 -> 1979 | B8: =Financial!B14 -> 1688344 | C8: =Financial!D14 -> 862318 | D8: =Financial!G14 -> 2737865 | E8: =Wages!C15 -> 109186096
A9: =Financial!A15 -> 1980 | B9: =Financial!B15 -> 1452187 | C9: =Financial!D15 -> 1357892 | D9: =Financial!G15 -> 3087861 | E9: =Wages!C16 -> 122745669
A10: =Financial!A16 -> 1981 | B10: =Financial!B16 -> 1349506 | C10: =Financial!D16 -> 1401410 | D10: =Financial!G16 -> 3352970 | E10: =Wages!C17 -> 136807563
A11: =Financial!A17 -> 1982 | B11: =Financial!B17 -> 1438991 | C11: =Financial!D17 -> 2233015 | D11: =Financial!G17 -> 2707650 | E11: =Wages!C18 -> 144034611
A12: =Financial!A18 -> 1983 | B12: =Financial!B18 -> 1564313 | C12: =Financial!D18 -> 2155947 | D12: =Financial!G18 -> 2169348 | E12: =Wages!C19 -> 155097942
A13: =Financial!A19 -> 1984 | B13: =Financial!B19 -> 2040757 | C13: =Financial!D19 -> 1614327 | D13: =Financial!G19 -> 2810732 | E13: =Wages!C20 -> 173699231
A14: =Financial!A20 -> 1985 | B14: =Financial!B20 -> 2239837 | C14: =Financial!D20 -> 1888219 | D14: =Financial!G20 -> 3504521 | E14: =Wages!C21 -> 189504460
A15: =Financial!A21 -> 1986 | B15: =Financial!B21 -> 1743565 | C15: =Financial!D21 -> 2073720 | D15: =Financial!G21 -> 3533594 | E15: =Wages!C22 -> 204630994
... A46: =Financial!A52 -> 2017 | B46: =Financial!B52 -> 5679898 | C46: =Financial!D52 -> 5100863 | D46: =Financial!G52 -> -1151770 | E46: =Wages!C53 -> 900477902

Sheet Calculation
E5: =Wages!C8 -> Wages paid in covered employment during year (thousands)
A6: Year | B6: =Financial!B8 -> Contributions collected | C6: =Financial!D8 -> Benefits paid | D6: =Financial!G8 -> Year End net reserve balance | E6: =Wages!C9 -> Total | F6: Balance / Total Wages | G6: Benefit / Total Wages | H6: Contribution / Total Wages
A7: =Financial!A9 -> -1 | B7: =Financial!B9 -> -8 | C7: =Financial!D9 -> -10 | D7: =Financial!G9 -> -13 | E7: =Wages!C10 -> -3 | F7: Reserve Ratio | G7: Benefit Ratio | H7: Tax Ratio
A8: =Financial!A10 -> 1975 | B8: =Financial!B10 -> 802308 | C8: =Financial!D10 -> 1310136 | D8: =Financial!G10 -> 545694 | E8: =Wages!C11 -> 63888847 | F8: =D8/E8 -> 0.008541303 | G8: =C8/E8 -> 0.02050649 | H8: =B8/E8 -> 0.012557873
A9: =Financial!A11 -> 1976 | B9: =Financial!B11 -> 1328424 | C9: =Financial!D11 -> 1123454 | D9: =Financial!G11 -> 641259 | E9: =Wages!C12 -> 72724152 | F9: =D9/E9 -> 0.0088176896 | G9: =C9/E9 -> 0.015448155 | H9: =B9/E9 -> 0.018266614
A10: =Financial!A12 -> 1977 | B10: =Financial!B12 -> 1532871 | C10: =Financial!D12 -> 1017609 | D10: =Financial!G12 -> 1087930 | E10: =Wages!C13 -> 80461446 | F10: =D10/E10 -> 0.013521134 | G10: =C10/E10 -> 0.012647163 | H10: =B10/E10 -> 0.019051
A11: =Financial!A13 -> 1978 | B11: =Financial!B13 -> 1581169 | C11: =Financial!D13 -> 962998 | D11: =Financial!G13 -> 1755812 | E11: =Wages!C14 -> 93891538 | F11: =D11/E11 -> 0.018700429 | G11: =C11/E11 -> 0.010256494 | H11: =B11/E11 -> 0.016840378
A12: =Financial!A14 -> 1979 | B12: =Financial!B14 -> 1688344 | C12: =Financial!D14 -> 862318 | D12: =Financial!G14 -> 2737865 | E12: =Wages!C15 -> 109186096 | F12: =D12/E12 -> 0.025075217 | G12: =C12/E12 -> 0.0078976906 | H12: =B12/E12 -> 0.015462994
A13: =Financial!A15 -> 1980 | B13: =Financial!B15 -> 1452187 | C13: =Financial!D15 -> 1357892 | D13: =Financial!G15 -> 3087861 | E13: =Wages!C16 -> 122745669 | F13: =D13/E13 -> 0.025156578 | G13: =C13/E13 -> 0.011062647 | H13: =B13/E13 -> 0.011830861
A14: =Financial!A16 -> 1981 | B14: =Financial!B16 -> 1349506 | C14: =Financial!D16 -> 1401410 | D14: =Financial!G16 -> 3352970 | E14: =Wages!C17 -> 136807563 | F14: =D14/E14 -> 0.02450866 | G14: =C14/E14 -> 0.010243659 | H14: =B14/E14 -> 0.0098642646
A15: =Financial!A17 -> 1982 | B15: =Financial!B17 -> 1438991 | C15: =Financial!D17 -> 2233015 | D15: =Financial!G17 -> 2707650 | E15: =Wages!C18 -> 144034611 | F15: =D15/E15 -> 0.018798607 | G15: =C15/E15 -> 0.015503322 | H15: =B15/E15 -> 0.0099905918
A16: =Financial!A18 -> 1983 | B16: =Financial!B18 -> 1564313 | C16: =Financial!D18 -> 2155947 | D16: =Financial!G18 -> 2169348 | E16: =Wages!C19 -> 155097942 | F16: =D16/E16 -> 0.013986955 | G16: =C16/E16 -> 0.013900552 | H16: =B16/E16 -> 0.010085969
A17: =Financial!A19 -> 1984 | B17: =Financial!B19 -> 2040757 | C17: =Financial!D19 -> 1614327 | D17: =Financial!G19 -> 2810732 | E17: =Wages!C20 -> 173699231 | F17: =D17/E17 -> 0.016181603 | G17: =C17/E17 -> 0.0092938063 | H17: =B17/E17 -> 0.011748797
A18: =Financial!A20 -> 1985 | B18: =Financial!B20 -> 2239837 | C18: =Financial!D20 -> 1888219 | D18: =Financial!G20 -> 3504521 | E18: =Wages!C21 -> 189504460 | F18: =D18/E18 -> 0.018493079 | G18: =C18/E18 -> 0.0099639819 | H18: =B18/E18 -> 0.011819442
A19: =Financial!A21 -> 1986 | B19: =Financial!B21 -> 1743565 | C19: =Financial!D21 -> 2073720 | D19: =Financial!G21 -> 3533594 | E19: =Wages!C22 -> 204630994 | F19: =D19/E19 -> 0.017268127 | G19: =C19/E19 -> 0.010133949 | H19: =B19/E19 -> 0.0085205323
... A50: =Financial!A52 -> 2017 | B50: =Financial!B52 -> 5679898 | C50: =Financial!D52 -> 5100863 | D50: =Financial!G52 -> -1151770 | E50: =Wages!C53 -> 900477902 | F50: =D50/E50 -> -0.0012790653 | G50: =C50/E50 -> 0.0056646176 | H50: =B50/E50 -> 0.0063076484
